 Dungeon Crawl Stone Soup version 0.29-a0-887-gcbe080d7e0 (webtiles) character file.

Game seed: 14528181378436518479

361 sanka the Conjurer (level 6, -5/46 HPs)
             Began as a Gnoll Conjurer on July 21, 2022.
             Was an Initiate of Ashenzari.
             Slain by a gnoll bouda
             ... wielding a +0 whip
              (11 damage)
             ... on level 4 of the Dungeon.
             The game lasted 00:08:52 (5324 turns).

sanka the Conjurer (Gnoll Conjurer)                 Turns: 5324, Time: 00:08:52

Health: -5/46      AC:  2    Str:  7    XL:     6   Next: 66%
Magic:  3/14       EV: 17    Int: 19    God:    Ashenzari [......]
Gold:   94         SH:  5    Dex: 10    Spells: 8/16 levels left

rFire   . . .      SeeInvis .   v - +2 short sword (elec)
rCold   . . .      Faith    .   (no shield)
rNeg    . . .      Spirit   .   a - +0 robe
rPois   .          Reflect  +   (no helmet)
rElec   .          Harm     .   (no cloak)
rCorr   .          Rampage  .   (no gloves)
Will    .....                   (no boots)
Stlth   ++........              t - amulet of reflection
HPRegen 0.15/turn               n - ring of wizardry
MPRegen 0.14/turn               j - ring "Sorrow of Ashenzari" {EV+4, Self, Bglg} (curse)

@: no status effects
A: fangs 1, strong nose, distributed training
a: Renounce Religion, Shatter the Chains


You were on level 4 of the Dungeon.
You worshipped Ashenzari.
Ashenzari was noncommittal.
You visited 1 branch of the dungeon, and saw 4 of its levels.

You collected 118 gold pieces.
You spent 24 gold pieces at shops.


Innate Abilities, Weirdness & Mutations

You have very sharp teeth.
Your uncanny sense of smell can sniff out nearby items.
Your experience applies equally to all skills.


   Skills:
 + Level 2.1(2.5) Fighting
 + Level 2.1 Short Blades
 + Level 2.1 Long Blades
 + Level 2.1 Axes
 + Level 2.1 Maces & Flails
 + Level 2.1 Polearms
 + Level 2.1 Staves
 + Level 2.1 Ranged Weapons
 + Level 2.1 Throwing
 + Level 2.1 Armour
 + Level 5.0 Dodging
 + Level 4.7 Stealth
 + Level 2.1 Shields
 + Level 2.1 Unarmed Combat
 + Level 5.4(5.9) Spellcasting
 + Level 7.3(7.8) Conjurations
 + Level 1.7(2.0) Hexes
 + Level 1.7 Summonings
 + Level 1.7 Necromancy
 + Level 1.7(2.0) Translocations
 + Level 1.7 Transmutations
 + Level 1.7 Fire Magic
 + Level 1.7 Ice Magic
 + Level 1.7 Air Magic
 + Level 1.7 Earth Magic
 + Level 1.7 Poison Magic
 + Level 2.3 Invocations
 + Level 2.1 Evocations


You had 8 spell levels left.
You knew the following spells:

 Your Spells              Type           Power      Damage    Failure   Level
e - Apportation           Tloc           26%        N/A       1%          1
x - Searing Ray           Conj           70%        2d7       1%          2
z - Magic Dart            Conj           100%       1d8       1%          1
Z - Fulminant Prism       Conj/Hex       12%        3d9       6%          4

Your spell library contained the following spells:

 Spells                   Type           Power      Damage    Failure   Level
 Slow                     Hex            52%        N/A       1%          1
 Dazzling Flash           Conj/Hex       48%        N/A       1%          3
 Necrotise                Necr           48%        1d6       2%          1
 Summon Small Mammal      Summ           48%        N/A       2%          1
 Confusing Touch          Hex            13%        N/A       6%          3
 Gell's Gravitas          Tloc           13%        N/A       6%          3
 Teleport Other           Tloc           13%        N/A       6%          3
 Iskenderun's Mystic Bla  Conj/Tloc      24%        2d7       6%          4
 Vampiric Draining        Necr           12%        2d6       7%          3
 Dispersal                Tloc           6%         N/A       95%         6
 Disjunction              Tloc           6%         N/A       100%        8

Inventory:

Hand Weapons
 i - a +0 spear
 v - a +2 short sword of electrocution (weapon)
 w - a +2 dagger of draining
Armour
 a - a +0 robe (worn)
Magical Staves
 s - a staff of death
Jewellery
 j - the cursed ring "Sorrow of Ashenzari" (right hand) {EV+4, Self, Bglg}

   [ring of evasion]

   EV:        It affects your evasion (+4).
   It has a curse which improves the following skills: Introspection: Fighting
   and Spellcasting.
   Beguiling: Conjurations, Hexes and Translocations.
 n - a ring of wizardry (left hand)
 r - an amulet of faith
 t - an amulet of reflection (around neck)
Wands
 b - a wand of charming (2)
Scrolls
 g - 10 scrolls of identify {@r1}
 h - a scroll of noise {unknown}
 k - a scroll of poison {unknown}
 l - a scroll of enchant weapon {unknown}
 m - a scroll of vulnerability {unknown}
 o - 2 scrolls of teleportation {unknown}
 p - 2 scrolls of enchant armour {unknown}
Potions
 c - 4 potions of might {unknown}
 d - a potion of heal wounds {unknown}
 e - 4 potions of mutation {unknown}
 f - a potion of resistance {unknown}
 q - a potion of curing {unknown}
 u - a potion of berserk rage {unknown}
 x - a potion of lignification {unknown}

Dungeon Overview and Level Annotations

Branches:
Dungeon (4/15)
 Temple: D:4-7

Altars:
Ashenzari
Dithmenos
Elyvilon
Fedhas
Hepliaklqana
Yredelemnul

Shops:
D:1 *   D:2 = D:3

?
≈≈≈≈....≈≈≈≈≈≈≈≈≈≈≈≈▒▒▒▒▒≈≈....▒
≈≈≈≈....≈≈≈≈≈≈≈≈≈≈≈≈≈≈≈≈≈≈≈....▒
≈≈≈≈....≈≈≈≈≈≈≈≈≈≈≈≈≈≈≈≈≈≈≈...P▒
...÷...........................▒
....)...>...............▒.▒▒▒▒▒▒
▒▒▒▒▒▒▒..÷..........▒.....▒
▒..†..▒▒▒▒▒▒▒▒▒▒.▒.▒.▒.▒
▒▒▒▒......▒▒▒▒▒▒▒▒▒.▒.▒.▒.▒
............)..gg...▒.▒.▒.▒
..▒▒▒▒▒...▒▒▒▒▒▒▒▒▒▒▒.▒.▒.▒
..)...▒.................▒.▒
..▒▒▒.▒....▒▒▒▒▒.▒.▒▒.▒▒▒.▒
..▒...▒....▒.....▒.▒▒.▒ ▒.▒▒▒▒
.▒▒▒▒.▒.▒..▒.▒...▒....▒ ▒....▒
.▒▒▒▒.▒.▒..▒.▒.▒.▒▒▒▒▒▒▒▒...▒▒
.▒....▒.▒....................▒
.▒.▒▒'▒......▒.▒...........▒▒▒


You could see a gnoll bouda.


Message History

You bite the gnoll bouda, but do no damage.
The gnoll bouda is heavily wounded.
You block the gnoll bouda's attack.
You hit the gnoll bouda.
The gnoll bouda is severely wounded.
The gnoll bouda hits you with a +0 whip.
* * * LOW HITPOINT WARNING * * *
You closely miss the gnoll bouda.
The gnoll bouda is severely wounded.
You block the gnoll bouda's attack.
You hit the gnoll bouda but do no damage.
The gnoll bouda is severely wounded.
The gnoll bouda hits you with a +0 whip!
* * * LOW HITPOINT WARNING * * *
You hit the gnoll bouda but do no damage.
The gnoll bouda is severely wounded.
The gnoll bouda mumbles some strange prayers to its god.
The gnoll bouda is healed somewhat.
You hit the gnoll bouda but do no damage.
The gnoll bouda is heavily wounded.
Your attacks no longer feel as feeble.
The gnoll bouda hits you with a +0 whip.
* * * LOW HITPOINT WARNING * * *
You hit the gnoll bouda but do no damage.
The gnoll bouda is heavily wounded.
The gnoll bouda closely misses you.
You hit the gnoll bouda.
The gnoll bouda is heavily wounded.
The gnoll bouda hits you with a +0 whip!
You die...

Action                   |  1- 3 |  4- 6 || total
-------------------------+-------+-------++-------
Melee: Unarmed           |     9 |       ||     9
       Spear             |       |    19 ||    19
       Bite              |       |     5 ||     5
       Punch             |       |     1 ||     1
       Short sword       |       |    40 ||    40
 Cast: Magic Dart        |    73 |   122 ||   195
       Apportation       |       |    22 ||    22
       Fulminant Prism   |       |     4 ||     4
       Searing Ray       |       |     3 ||     3
Invok: Curse Item        |       |     1 ||     1
  Use: Potion            |       |     1 ||     1
Armor: Robe              |     3 |     9 ||    12
Dodge: Dodged            |    16 |    97 ||   113
Block: Other             |       |    24 ||    24

Levels and vault maps discovered:
D:1:      elethiomel_arrival_diamonds, layout_basic, serial_shops,
          nicolae_shop_advertising_works [nicolae_subvault_shop_adworks],
          chequers_arboretum, serial_bayou_lake_a
D:2:      layout_basic, serial_rivers, chequers_serial_rivers_micro_d,
          chequers_serial_rivers_small_3, chequers_serial_rivers_room_a,
          chequers_serial_rivers_micro_e, hellmonk_ecumenical_altar_crossroads,
          serial_shops, nicolae_shop_temple_entry_statues_fountains,
          lemuel_flame_loot_1
D:3:      layout_rooms, kennysheep_ying_yang, mainiacjoe_overflow_big_doors,
          serial_shops, shop, uniq_ijyb
D:4:      lemuel_castle_with_subvaults [lemuel_castle_interior_carwin_2],
          layout_basic, grunt_dithmenos_smoke, nicolae_overflow_hidden_temple

Notes
Turn   | Place    | Note
-------+----------+-------------------------------------------
     0 | D:1      | sanka the Gnoll Conjurer began the quest for the Orb.
     0 | D:1      | Reached XP level 1. HP: 13/13 MP: 6/6
   170 | D:1      | Found Cesasomu's General Store.
   229 | D:1      | Reached XP level 2. HP: 20/20 MP: 4/7
   240 | D:1      | Bought a scroll of identify for 24 gold pieces
   473 | D:1      | Learned a level 2 spell: Searing Ray
   850 | D:1      | Reached skill level 5 in Spellcasting
   850 | D:1      | Reached XP level 3. HP: 25/25 MP: 4/9
   920 | D:1      | Reached skill level 1 in Invocations
  1428 | D:1      | Reached skill level 1 in Fighting
  1428 | D:1      | Reached skill level 1 in Short Blades
  1428 | D:1      | Reached skill level 1 in Long Blades
  1428 | D:1      | Reached skill level 1 in Axes
  1428 | D:1      | Reached skill level 1 in Maces & Flails
  1428 | D:1      | Reached skill level 1 in Polearms
  1428 | D:1      | Reached skill level 1 in Staves
  1428 | D:1      | Reached skill level 1 in Ranged Weapons
  1428 | D:1      | Reached skill level 1 in Throwing
  1428 | D:1      | Reached skill level 1 in Armour
  1428 | D:1      | Reached skill level 1 in Shields
  1428 | D:1      | Reached skill level 1 in Unarmed Combat
  1428 | D:1      | Reached skill level 1 in Evocations
  1795 | D:2      | Reached XP level 4. HP: 32/32 MP: 6/11
  1999 | D:2      | Found a faded altar of an unknown god.
  2068 | D:2      | Reached skill level 1 in Hexes
  2068 | D:2      | Reached skill level 1 in Summonings
  2068 | D:2      | Reached skill level 1 in Necromancy
  2068 | D:2      | Reached skill level 1 in Translocations
  2068 | D:2      | Reached skill level 1 in Transmutations
  2068 | D:2      | Reached skill level 1 in Fire Magic
  2068 | D:2      | Reached skill level 1 in Ice Magic
  2068 | D:2      | Reached skill level 1 in Air Magic
  2068 | D:2      | Reached skill level 1 in Earth Magic
  2068 | D:2      | Reached skill level 1 in Poison Magic
  2106 | D:2      | Learned a level 4 spell: Fulminant Prism
  2580 | D:2      | Found Daotiq's Jewellery Boutique.
  2797 | D:2      | Learned a level 1 spell: Apportation
  3269 | D:3      | Found a white marble altar of Elyvilon.
  3328 | D:3      | Found Izxis's Magic Scroll Emporium.
  3509 | D:3      | Found a basalt altar of Yredelemnul.
  3567 | D:3      | Found a hazy altar of Hepliaklqana.
  3626 | D:3      | Noticed Ijyb
  3684 | D:3      | Killed Ijyb
  3685 | D:3      | Reached XP level 5. HP: 12/37 MP: 3/12
  4077 | D:3      | Found a broken altar of Ashenzari.
  4136 | D:3      | Became a worshipper of Ashenzari the Shackled
  4175 | D:4      | Found a blossoming altar of Fedhas.
  4558 | D:4      | Found a shadowy altar of Dithmenos.
  4670 | D:4      | Noticed an ogre
  4676 | D:4      | Killed an ogre
  4677 | D:4      | Reached skill level 2 in Fighting
  4677 | D:4      | Reached skill level 2 in Short Blades
  4677 | D:4      | Reached skill level 2 in Long Blades
  4677 | D:4      | Reached skill level 2 in Axes
  4677 | D:4      | Reached skill level 2 in Maces & Flails
  4677 | D:4      | Reached skill level 2 in Polearms
  4677 | D:4      | Reached skill level 2 in Staves
  4677 | D:4      | Reached skill level 2 in Ranged Weapons
  4677 | D:4      | Reached skill level 2 in Throwing
  4677 | D:4      | Reached skill level 2 in Armour
  4677 | D:4      | Reached skill level 5 in Dodging
  4677 | D:4      | Reached skill level 2 in Shields
  4677 | D:4      | Reached skill level 2 in Unarmed Combat
  4677 | D:4      | Reached skill level 2 in Invocations
  4677 | D:4      | Reached skill level 2 in Evocations
  4677 | D:4      | Reached XP level 6. HP: 44/44 MP: 5/14
  5324 | D:4      | Slain by a gnoll bouda

Vanquished Creatures
  An ogre (D:4)
  An orc priest (D:4)
  An iguana (D:4)
  Ijyb (D:3)
  2 adders (D:2)
  5 gnolls
  A worm (D:3)
  6 dart slugs
  8 orcs (D:4)
  11 ball pythons
  9 endoplasms
  A giant cockroach (D:1)
  7 goblins
  4 hobgoblins
  14 jackals
  7 kobolds
  3 quokkas
  8 bats
  4 frilled lizards
  6 rats
100 creatures vanquished.

Vanquished Creatures (others)
  A goblin (D:2)
  4 fulminant prisms (D:3)
5 creatures vanquished.

Grand Total: 105 creatures vanquished
